 Dungeon Crawl Stone Soup version 0.25-a0-404-gc1b5a34292 (webtiles) character file.

Game seed: 13741583765938185420, levelgen mode: deterministic

312 Jerej03 the Gusty (level 6, 0/46 HPs)
             Began as a Draconian Air Elementalist on Jan 11, 2020.
             Was an Initiate of Sif Muna.
             Slain by a worker ant (7 damage)
             ... on level 4 of the Dungeon.
             The game lasted 00:17:55 (2689 turns).

Jerej03 the Gusty (Draconian Air Elementalist)      Turns: 2689, Time: 00:17:55

Health: 0/46       AC:  6    Str: 11    XL:     6   Next: 18%
Magic:  0/11       EV: 13    Int: 17    God:    Sif Muna [......]
Gold:   121        SH:  0    Dex: 14    Spells: 6/11 levels left

rFire    + . .     SeeInvis .   o - +3 dagger
rCold    . . .     Gourm    .   (no shield)
rNeg     . . .     Faith    .   (armour unavailable)
rPois    .         Spirit   .   (helmet restricted)
rElec    .         Reflect  .   (no cloak)
rCorr    .         Harm     .   (no gloves)
MR       .....                  (no boots)
Stlth    ++........             (no amulet)
HPRegen  0.15/turn              k - ring of protection from fire
MPRegen  0.12/turn              n - +3 ring of dexterity

@: lethally poisoned (0 -> -9)
A: unfitting armour, cold-blooded, AC +6
a: Renounce Religion


You were on level 4 of the Dungeon.
You worshipped Sif Muna.
Sif Muna was noncommittal.
You were not hungry.

You visited 1 branch of the dungeon, and saw 4 of its levels.

You collected 121 gold pieces.

Inventory:

Hand Weapons
 c - a +0 flail of draining
 o - a +3 dagger (weapon)
Jewellery
 d - an uncursed ring of protection from cold
 k - a ring of protection from fire (left hand)
 n - a +3 ring of dexterity (right hand)
Scrolls
 e - 2 scrolls of teleportation {unknown}
 f - a scroll of fear
 g - 6 scrolls of identify
 i - a scroll of amnesia
 j - a scroll of remove curse
Potions
 a - 3 potions of might
 h - a potion of haste
Comestibles
 b - 9 rations


   Skills:
 + Level 0.9 Fighting
 + Level 1.4 Short Blades
 + Level 2.6 Dodging
 + Level 2.3 Stealth
 + Level 0.2 Unarmed Combat
 + Level 3.4 Spellcasting
 + Level 2.3 Conjurations
 * Level 4.4 Air Magic


You had 6 spell levels left.
You knew the following spells:

 Your Spells              Type           Power        Failure   Level  Hunger
a - Shock                 Conj/Air       ##..         4%          1    None
b - Airstrike             Air            ###.......   26%         4    ####...

Your spell library contained the following spells:

 Spells                   Type           Power        Failure   Level  Hunger
 Swiftness                Chrm/Air       ##......     10%         2    ##.....
 Static Discharge         Conj/Air       ##......     12%         3    ###....
 Lightning Bolt           Conj/Air       ##........   75%         5    ######.


Dungeon Overview and Level Annotations

Branches:
Dungeon (4/15)
 Temple: D:4-7

Altars:
Gozag
Sif Muna
Uskayaw
Wu Jian
Xom


Innate Abilities, Weirdness & Mutations

Your plain brown scales are hard. (AC +6)
You cannot fit into any form of body armour.
You are cold-blooded and may be slowed by cold attacks.


Message History

You kill the worker ant!
Sif Muna accepts your kill.
You feel sick. The worker ant barely misses you.
The worker ant closely misses you.
You barely miss the worker ant.
The worker ant is severely wounded.
You feel sick. The worker ant misses you.
You hit the worker ant but do no damage.
The worker ant is severely wounded.
The worker ant bites you.
* * * LOW HITPOINT WARNING * * *
You are lethally poisoned!
The worker ant poisons you!
* * * LOW HITPOINT WARNING * * *
You feel sick.
You hit the worker ant.
The worker ant is severely wounded.
* * * LOW HITPOINT WARNING * * *
You feel sick. The worker ant bites you!
You die...

#..# .#... #..# ... #..##.#
#..†..# ..# #..##.# ......
#†o# ... ......#####.# .#.#
........<##a##.#.##.
.....##...@........
#.....###.####.....
#.##....#..........
#.........###.#.# #
#..##.)....##...# ..
...##...#......##.....#....
...
#.###..).................>
..
#.###..)..................
#.#.#
#.##..>..#####............


You could see a worker ant and an orc.

Vanquished Creatures
  A scorpion (D:4)
  A hound (D:4)
  3 orc wizards (D:3)
  A worker ant (D:4)
  3 adders
  2 dart slugs
  4 leopard geckos
  12 orcs
  7 giant cockroaches
  10 hobgoblins
  4 jackals
  9 kobolds
  A quokka (D:2)
  2 ball pythons
  6 bats
  4 frilled lizards
  6 goblins
  6 rats
82 creatures vanquished.

Notes
Turn   | Place    | Note
-------+----------+-------------------------------------------
     0 | D:1      | Jerej03 the Draconian Air Elementalist began the quest for
                  | the Orb.
     0 | D:1      | Reached XP level 1. HP: 14/14 MP: 3/3
   128 | D:1      | Reached XP level 2. HP: 20/20 MP: 0/5
   665 | D:1      | Reached XP level 3. HP: 26/26 MP: 4/6
   812 | D:2      | Found an opulent altar of Gozag.
   926 | D:2      | Found an ornate altar of the Wu Jian Council.
  1054 | D:2      | Found a faded altar of an unknown god.
  1726 | D:3      | Reached XP level 4. HP: 33/33 MP: 3/8
  1756 | D:3      | Learned a level 4 spell: Airstrike
  1842 | D:3      | Found a hide-covered altar of Uskayaw.
  2016 | D:3      | Reached skill level 1 in Short Blades
  2016 | D:3      | Reached skill level 4 in Air Magic
  2016 | D:3      | Reached XP level 5. HP: 18/38 MP: 0/9
  2297 | D:3      | Found a shimmering blue altar of Sif Muna.
  2312 | D:3      | Became a worshipper of Sif Muna the Loreminder
  2564 | D:4      | Found a shimmering altar of Xom.
  2673 | D:4      | Reached XP level 6. HP: 30/46 MP: 2/11
  2689 | D:4      | Slain by a worker ant

Levels and vault maps discovered:
D:1:      dpeg_arrival_tiny_i, layout_loops_cross, due_unseen_surprise
D:2:      layout_basic, grunt_gozag_breadcrumbs, old_standard_altar,
          chequers_ecumenical_altar_lobes, chequers_serial_rivers_room_a
D:3:      layout_loops_ring, eat_drink_and_be_merry_uskayaw, tgw_sif,
          first_ration
D:4:      layout_rooms, lemuel_doored_altar, minmay_diced_spiral

Skill      XL: |  1  2  3  4  5 |
---------------+----------------+-----
Dodging        | 2 |  2.6
Stealth        | 2 |  2.3
Short Blades   | 1 |  1.4
Air Magic      | 4 |  4.4
Spellcasting   | 3 |  3.4
Conjurations   | 2 |  2.3
Fighting       | |  0.9
Unarmed Combat | |  0.2

Action                   |  1- 3 |  4- 6 || total
-------------------------+-------+-------++-------
Melee: Unarmed           |    40 |       ||    40
       Tailslap          |     5 |     5 ||    10
       Dagger            |       |    74 ||    74
       Great sword       |       |     6 ||     6
 Cast: Shock             |    68 |    59 ||   127
       Airstrike         |       |     3 ||     3
  Use: Scroll            |     1 |     4 ||     5
       Potion            |       |     6 ||     6
 Stab: Distracted        |       |     1 ||     1
  Eat: Chunk             |     3 |     2 ||     5
       Ration            |       |     1 ||     1
Armor: Skin              |    13 |    28 ||    41
Dodge: Dodged            |    51 |    79 ||   130
       Rpst.: Great sword |       |     1 ||     1

Table legend:
 A = Non-vault XP
 B = Vault XP
 C = Vault XP percentage of total XP
 D = Non-vault monster count
 E = Vault monster count
 F = Vault count percentage of total count
                 A         B        C        D         E       F
            +---------+---------+-------+---------+---------+-------
      Total |     373 |      73 |  16.4 |      80 |       2 |   2.4
            +---------+---------+-------+---------+---------+-------
        D:1 |      43 |       0 |   0.0 |      25 |       0 |   0.0
        D:2 |      43 |       0 |   0.0 |      15 |       0 |   0.0
        D:3 |     154 |      39 |  20.2 |      33 |       1 |   2.9
        D:4 |     133 |      34 |  20.4 |       7 |       1 |  12.5
            +---------+---------+-------+---------+---------+-------
